[Event "GambitGuide"]
[Site "Internet Chess Club"]
[Date "2014.10.31"]
[Round "1"]
[White "JSBach"]
[Black "AFCCoolidge"]
[Result "0-1"]
[ICCResult "White checkmated"]
[WhiteElo "1585"]
[BlackElo "1391"]
[Opening "Vienna: `Frankenstein-Dracula' variation"]
[ECO "C27"]
[NIC "VG.02"]
[Time "03:59:04"]
[TimeControl "120+12"]

1. e4 e5 2. Nc3 Nf6 3. Bc4 Nxe4 4. Qh5 Nd6 5. Bb3 Nc6 6. Nb5 g6 7. Qf3 f5 8.
Qd5 Qe7 9. Nxc7+ Kd8 10. Nxa8 b6 11. Ba4 Bb7 12. Nxb6 axb6 13. Qb3 Kc7 14.
Ne2 Nd4 15. Nxd4 exd4+ 16. Kf1 Bg7 17. d3 Re8 18. Be3 f4 19. Bxd7 fxe3 20.
Bxe8 e2+ 21. Ke1 Qxe8 22. Rg1 Bh6 23. c3 Bg7 24. cxd4 Bxd4 25. Qb4 Qe5 26.
Rc1+ Kb8 27. b3 Nc8 28. a4 Qf4 29. Qxd4 Qxd4 30. Kxe2 Qb2+ 31. Ke3 Nd6 32.
g4 Qe5+ 33. Kd2 Qf4+ 34. Kc3 Bd5 35. Rge1 Kc7 36. h3 Kc6 37. Rc2 Kc5 38. Re7
Qb4+ 39. Kb2+ Kd4 40. Kc1 Bxb3 41. Rcc7 Qa3+ 42. Kd2 Qa2+ 43. Ke1 Qb1+ 44.
Rc1 Qxc1+ 45. Ke2 Qc2+ 46. Kf1 Qd1+ 47. Kg2 Bd5+ 48. Re4+ Bxe4+ 49. dxe4
Nxe4 50. f3 Qe2+ 51. Kh1 Qf1+ 52. Kh2 Nf2 53. g5 Qh1+ 54. Kg3 Nxh3 55. f4
Qe4 56. Kxh3 Qxf4 57. Kg2 Qxg5+ 58. Kf3 h6 59. Kf2 Ke4 60. Kf1 Qg4 61. Ke1
Qf3 62. Kd2 Qe3+ 63. Kd1 g5 64. Kc2 Kd4 65. Kd1 Qe4 66. Kc1 Kc3 67. Kd1 Qf3+
68. Ke1 Kd4 69. Kd2 Qe3+ 70. Kd1 g4 71. Kc2 g3 72. Kb2 g2 73. a5 g1=Q 74.
axb6 Qgf2+ 75. Kb1 Qee1# {White checkmated} 0-1

[Event "GambitGuide"]
[Site "Internet Chess Club"]
[Date "2014.10.31"]
[Round "1"]
[White "JSBach"]
[Black "MAUDEVAN"]
[Result "1-0"]
[ICCResult "Black resigns"]
[WhiteElo "1585"]
[BlackElo "1467"]
[Opening "Vienna: `Frankenstein-Dracula' variation"]
[ECO "C27"]
[NIC "VG.02"]
[Time "04:02:39"]
[TimeControl "120+12"]

1. e4 e5 2. Nc3 Nf6 3. Bc4 Nxe4 4. Qh5 Nd6 5. Bb3 Nc6 6. Nb5 g6 7. Qf3 f5 8.
Qd5 Qe7 9. Nxc7+ Kd8 10. Nxa8 b6 11. Ba4 Bb7 12. Nxb6 axb6 13. Qb3 Kc7 14.
Ne2 Nd4 15. Nxd4 exd4+ 16. Kf1 Ne4 17. d3 Nc5 18. Qc4 Bg7 19. Bf4+ Be5 20.
Re1 d6 21. Qxd4 Nd7 22. Bxd7 Kxd7 23. Bxe5 Re8 24. f3 Kc7 25. Bxd6+ Qxd6 26.
Qxd6+ Kxd6 27. Rxe8 {Black resigns} 1-0

[Event "GambitGuide"]
[Site "Internet Chess Club"]
[Date "2014.10.31"]
[Round "1"]
[White "JSBach"]
[Black "zealand"]
[Result "1-0"]
[ICCResult "Black resigns"]
[WhiteElo "1585"]
[BlackElo "1748"]
[Opening "Vienna: `Frankenstein-Dracula' variation"]
[ECO "C27"]
[NIC "VG.02"]
[Time "04:02:49"]
[TimeControl "120+12"]

1. e4 e5 2. Nc3 Nf6 3. Bc4 Nxe4 4. Qh5 Nd6 5. Bb3 Nc6 6. Nb5 g6 7. Qf3 f5 8.
Qd5 Qe7 9. Nxc7+ Kd8 10. Nxa8 b6 11. Ba4 Ba6 12. Bxc6 dxc6 13. Qb3 Bc4 14.
Qe3 f4 15. Qc3 Bg7 16. Nf3 e4 17. Nd4 c5 18. Nc6+ Kd7 19. Qxc4 Nxc4 20. Nxe7
Kxe7 21. Nc7 {Black resigns} 1-0

[Event "GambitGuide"]
[Site "Internet Chess Club"]
[Date "2014.10.31"]
[Round "1"]
[White "JSBach"]
[Black "PaddinTon"]
[Result "1-0"]
[ICCResult "Black checkmated"]
[WhiteElo "1585"]
[BlackElo "1776"]
[Opening "Vienna: `Frankenstein-Dracula' variation"]
[ECO "C27"]
[NIC "VG.02"]
[Time "04:04:54"]
[TimeControl "120+12"]

1. e4 e5 2. Nc3 Nf6 3. Bc4 Nxe4 4. Qh5 Nd6 5. Bb3 Nc6 6. Nb5 g6 7. Qf3 f5 8.
Qd5 Qe7 9. Nxc7+ Kd8 10. Nxa8 b6 11. Ba4 Ne4 12. Bxc6 Qd6 13. Qxd6 Bxd6 14.
Bd5 Ba6 15. d3 Nf6 16. Bg5 Rf8 17. Rc1 Ke7 18. c4 Rxa8 19. Bxa8 Bb4+ 20. Bd2
Bc5 21. Bc3 Ng4 22. Rc2 e4 23. dxe4 fxe4 24. Bd5 d6 25. Re2 Kd7 26. Rxe4
Nxf2 27. Rh4 Nxh1 28. Rxh7+ Kd8 29. Ne2 Nf2 30. Nf4 Ng4 31. Ne6+ Kc8 32.
Rxa7 Bf2+ 33. Kf1 Ne3+ 34. Kxf2 Nxd5 35. cxd5 Bd3 36. Rc7+ Kb8 37. Rc6 b5
38. Bb4 Be4 39. Bxd6+ Kb7 40. Nc5+ Ka7 41. Ra6# {Black checkmated} 1-0

[Event "GambitGuide"]
[Site "Internet Chess Club"]
[Date "2014.10.31"]
[Round "1"]
[White "JSBach"]
[Black "MAUDEVAN"]
[Result "1-0"]
[ICCResult "Black resigns"]
[WhiteElo "1585"]
[BlackElo "1467"]
[Opening "Vienna: `Frankenstein-Dracula' variation"]
[ECO "C27"]
[NIC "VG.02"]
[Time "04:04:00"]
[TimeControl "120+12"]

1. e4 e5 2. Nc3 Nf6 3. Bc4 Nxe4 4. Qh5 Nd6 5. Bb3 Nc6 6. Nb5 g6 7. Qf3 f5 8.
Qd5 Qe7 9. Nxc7+ Kd8 10. Nxa8 b6 11. Ba4 Bb7 12. Nxb6 axb6 13. Qb3 Nd4 14.
Qxb6+ Ke8 15. Kf1 Kf7 16. Qc7 Bg7 17. Qxd7 Qxd7 18. Bxd7 Nxc2 19. Rb1 Nd4
20. b4 Ba6+ 21. Ke1 Rd8 22. Ba4 Rc8 23. Bb2 Nc2+ 24. Bxc2 Rxc2 25. a4 Nc4
26. Bc3 Na3 27. Ra1 e4 28. Bxg7 Kxg7 29. Kd1 Bd3 30. Rxa3 Rb2 31. Ra1 Rxb4
32. a5 Rb1+ 33. Rxb1 Bxb1 34. a6 {Black resigns} 1-0

[Event "GambitGuide"]
[Site "Internet Chess Club"]
[Date "2014.10.31"]
[Round "1"]
[White "JSBach"]
[Black "Mrix"]
[Result "1-0"]
[ICCResult "Black checkmated"]
[WhiteElo "1585"]
[BlackElo "1603"]
[Opening "Vienna: `Frankenstein-Dracula' variation"]
[ECO "C27"]
[NIC "VG.02"]
[Time "04:04:37"]
[TimeControl "120+12"]

1. e4 e5 2. Nc3 Nf6 3. Bc4 Nxe4 4. Qh5 Nd6 5. Bb3 Nc6 6. Nb5 g6 7. Qf3 f5 8.
Qd5 Qe7 9. Nxc7+ Kd8 10. Nxa8 b6 11. Ba4 Bb7 12. Nxb6 axb6 13. Qb3 Nc8 14.
Ne2 Qc5 15. Qf7 Be7 16. Qg7 Re8 17. Qxh7 Kc7 18. Qxg6 Nd6 19. Ng3 Nd4 20. c3
Ne6 21. b4 Qd5 22. Bb3 Qxg2 23. Bxe6 dxe6 24. d4 exd4 25. cxd4 f4 26. Bxf4
Kd7 27. Rc1 Ne4 28. Rc7+ Kd8 29. Rxb7 Bxb4+ 30. Ke2 Nc3+ 31. Kd3 Qf3+ 32.
Kc4 Ba5 33. Rb8+ Kd7 34. Qxe8# {Black checkmated} 1-0

[Event "GambitGuide"]
[Site "Internet Chess Club"]
[Date "2014.10.31"]
[Round "1"]
[White "JSBach"]
[Black "davidx"]
[Result "1-0"]
[ICCResult "Black resigns"]
[WhiteElo "1585"]
[BlackElo "1247"]
[Opening "Vienna: `Frankenstein-Dracula' variation"]
[ECO "C27"]
[NIC "VG.02"]
[Time "04:07:40"]
[TimeControl "120+12"]

1. e4 e5 2. Nc3 Nf6 3. Bc4 Nxe4 4. Qh5 Nd6 5. Bb3 Nc6 6. Nb5 g6 7. Qf3 f5 8.
Qd5 Qe7 9. Nxc7+ Kd8 10. Nxa8 b6 11. Ba4 Bb7 12. Nxb6 axb6 13. Qb3 Kc7 14.
Ne2 Bg7 15. Nc3 Nd4 16. Nd5+ Bxd5 17. Qxd5 Qe6 18. Qxe6 Nxe6 19. Bb3 Nc5 20.
Bd5 Re8 21. Kd1 Nb5 22. Rg1 Kd6 23. c4 Nd4 24. Rf1 b5 25. Bf7 Re7 26. Bg8
Bf6 27. cxb5 Nxb5 28. a4 Nd4 29. b4 Nce6 30. a5 Nb5 31. a6 Re8 32. a7 Ra8
33. Bxh7 Nf8 34. Bg8 Rxa7 35. Rxa7 Nxa7 36. Bc4 Nc6 37. b5 Nd4 38. Ba3+
{Black resigns}
1-0

[Event "GambitGuide"]
[Site "Internet Chess Club"]
[Date "2014.10.31"]
[Round "1"]
[White "JSBach"]
[Black "MAUDEVAN"]
[Result "1-0"]
[ICCResult "Black checkmated"]
[WhiteElo "1585"]
[BlackElo "1467"]
[Opening "Vienna: `Frankenstein-Dracula' variation"]
[ECO "C27"]
[NIC "VG.02"]
[Time "04:09:01"]
[TimeControl "120+12"]

1. e4 e5 2. Nc3 Nf6 3. Bc4 Nxe4 4. Qh5 Nd6 5. Bb3 Nc6 6. Nb5 g6 7. Qf3 f5 8.
Qd5 Qe7 9. Nxc7+ Kd8 10. Nxa8 b6 11. Ba4 Bb7 12. Nxb6 axb6 13. Qb3 b5 14.
Ne2 bxa4 15. Qxa4 Ke8 16. b4 Kf7 17. Qb3+ Kg7 18. a3 Nd4 19. Nxd4 exd4+ 20.
Kf1 Ne4 21. f3 Ba6+ 22. b5 Nc5 23. Qb2 Bb7 24. Qxd4+ Kg8 25. Bb2 Bg7 26.
Qxg7+ Qxg7 27. Bxg7 Kxg7 28. Kf2 Ra8 29. Rhe1 Kf7 30. d4 Ne6 31. c3 Rc8 32.
Rac1 Bd5 33. a4 Bb3 34. a5 Bc4 35. b6 Ra8 36. Re5 d6 37. Re3 Rxa5 38. Ree1
Nd8 39. Ra1 Rb5 40. Ra7+ Kf6 41. Re8 Nc6 42. Rf8+ Kg5 43. h4+ Kh5 44. Rxh7#
{Black checkmated}
1-0

[Event "GambitGuide"]
[Site "Internet Chess Club"]
[Date "2014.10.31"]
[Round "1"]
[White "JSBach"]
[Black "MAUDEVAN"]
[Result "1/2-1/2"]
[ICCResult "Game drawn by repetition"]
[WhiteElo "1585"]
[BlackElo "1467"]
[Opening "Vienna: `Frankenstein-Dracula' variation"]
[ECO "C27"]
[NIC "VG.02"]
[Time "04:12:07"]
[TimeControl "120+12"]

1. e4 e5 2. Nc3 Nf6 3. Bc4 Nxe4 4. Qh5 Nd6 5. Bb3 Nc6 6. Nb5 g6 7. Qf3 f5 8.
Qd5 Qe7 9. Nxc7+ Kd8 10. Nxa8 b6 11. Ba4 Bb7 12. Nxb6 axb6 13. Qb3 b5 14.
Nf3 bxa4 15. Qxa4 Kc7 16. O-O h5 17. Re1 e4 18. h4 Bh6 19. d4 Qd8 20. Bxh6
Rxh6 21. Ng5 Rh7 22. Nxh7 Qxh4 23. d5 Ne5 24. Qa7 Nf3+ 25. gxf3 exf3 26.
Qc5+ Kd8 27. Qb6+ Kc8 28. Qc5+ Kd8 29. Qb6+ Kc8 30. Qc5+ Kd8 31. Qb6+ Kc8
32. Qc5+ Kd8 33. Qb6+ Kc8 34. Qc5+ Kd8 35. Qb6+ {Game drawn by repetition}
1/2-1/2

[Event "GambitGuide"]
[Site "Internet Chess Club"]
[Date "2014.10.31"]
[Round "1"]
[White "JSBach"]
[Black "parmupill"]
[Result "0-1"]
[ICCResult "White checkmated"]
[WhiteElo "1585"]
[BlackElo "2433"]
[Opening "Vienna: `Frankenstein-Dracula' variation"]
[ECO "C27"]
[NIC "VG.02"]
[Time "04:14:14"]
[TimeControl "120+12"]

1. e4 e5 2. Nc3 Nf6 3. Bc4 Nxe4 4. Qh5 Nd6 5. Bb3 Nc6 6. Nb5 g6 7. Qf3 f5 8.
Qd5 Qe7 9. Nxc7+ Kd8 10. Nxa8 b6 11. Ba4 Bb7 12. Nxb6 axb6 13. Qb3 Kc7 14.
Ne2 Ne4 15. Qb5 Qg5 16. g3 Nd6 17. Qd5 Nd4 18. Bc6 Bxc6 19. Qxd4 exd4 20.
O-O Qh5 21. Nxd4 Bg7 22. Nb3 Qf3 23. Re1 Qg2# {White checkmated} 0-1

[Event "GambitGuide"]
[Site "Internet Chess Club"]
[Date "2014.10.31"]
[Round "1"]
[White "JSBach"]
[Black "MAUDEVAN"]
[Result "1-0"]
[ICCResult "Black resigns"]
[WhiteElo "1585"]
[BlackElo "1467"]
[Opening "Vienna: `Frankenstein-Dracula' variation"]
[ECO "C27"]
[NIC "VG.02"]
[Time "04:16:27"]
[TimeControl "120+12"]

1. e4 e5 2. Nc3 Nf6 3. Bc4 Nxe4 4. Qh5 Nd6 5. Bb3 Nc6 6. Nb5 g6 7. Qf3 f5 8.
Qd5 Qe7 9. Nxc7+ Kd8 10. Nxa8 b6 11. Ba4 Bb7 12. Nxb6 axb6 13. Qb3 b5 14.
Nf3 bxa4 15. Qxa4 e4 16. Nd4 Nxd4 17. Qxd4 Bg7 18. Qc5 f4 19. a3 Qf6 20. c4
Nf5 21. Qa7 Bc6 22. Qb8+ Ke7 23. Qxf4 Bh6 24. Qg4 Rf8 25. O-O g5 26. Re1 Bg7
27. d3 h5 28. Qxh5 Rh8 29. Qxg5 Rg8 30. dxe4 Qxg5 31. Bxg5+ Bf6 32. exf5+
Kd8 33. Bxf6+ Kc8 34. f3 {Black resigns} 1-0

[Event "GambitGuide"]
[Site "Internet Chess Club"]
[Date "2014.10.31"]
[Round "1"]
[White "JSBach"]
[Black "VendingMachine"]
[Result "1-0"]
[ICCResult "Black resigns"]
[WhiteElo "1585"]
[BlackElo "1341"]
[Opening "Vienna: `Frankenstein-Dracula' variation"]
[ECO "C27"]
[NIC "VG.02"]
[Time "04:19:33"]
[TimeControl "120+12"]

1. e4 e5 2. Nc3 Nf6 3. Bc4 Nxe4 4. Qh5 Nd6 5. Bb3 Nc6 6. Nb5 g6 7. Qf3 f5 8.
Qd5 Qe7 9. Nxc7+ Kd8 10. Nxa8 b6 11. Ba4 Nd4 12. f4 Bb7 13. Qxe5 Bxg2 14.
Nxb6 axb6 15. c3 Nc6 16. Bxc6 dxc6 17. Kf2 Bxh1 18. Qxh8 {Black resigns} 1-0

[Event "GambitGuide"]
[Site "Internet Chess Club"]
[Date "2014.10.31"]
[Round "1"]
[White "JSBach"]
[Black "VendingMachine"]
[Result "1-0"]
[ICCResult "Black resigns"]
[WhiteElo "1585"]
[BlackElo "1341"]
[Opening "Vienna: `Frankenstein-Dracula' variation"]
[ECO "C27"]
[NIC "VG.02"]
[Time "04:20:30"]
[TimeControl "120+12"]

1. e4 e5 2. Nc3 Nf6 3. Bc4 Nxe4 4. Qh5 Nd6 5. Bb3 Nc6 6. Nb5 g6 7. Qf3 f5 8.
Qd5 Qe7 9. Nxc7+ Kd8 10. Nxa8 b6 11. Ba4 Nd4 12. f4 Bb7 13. Qxe5 Bxg2 14.
Nxb6 axb6 15. c3 Qxe5+ 16. fxe5 Bxh1 17. cxd4 Ne4 18. d3 {Black resigns} 1-0

[Event "GambitGuide"]
[Site "Internet Chess Club"]
[Date "2014.10.31"]
[Round "1"]
[White "JSBach"]
[Black "VendingMachine"]
[Result "1-0"]
[ICCResult "Black resigns"]
[WhiteElo "1585"]
[BlackElo "1341"]
[Opening "Vienna: `Frankenstein-Dracula' variation"]
[ECO "C27"]
[NIC "VG.02"]
[Time "04:22:05"]
[TimeControl "120+12"]

1. e4 e5 2. Nc3 Nf6 3. Bc4 Nxe4 4. Qh5 Nd6 5. Bb3 Nc6 6. Nb5 g6 7. Qf3 f5 8.
Qd5 Qe7 9. Nxc7+ Kd8 10. Nxa8 b6 11. Ba4 Nd4 12. f4 Bb7 13. Qxe5 Bxg2 14.
Nxb6 axb6 15. c3 Nc6 16. Bxc6 dxc6 17. Kf2 Qxe5 18. fxe5 Bxh1 19. exd6 Bxd6
20. h3 Bc5+ 21. d4 Bd6 22. Bg5+ Be7 23. Bxe7+ Kxe7 24. c4 Kd6 25. b4 Re8 26.
c5+ bxc5 27. dxc5+ Kc7 28. a4 Re4 29. Ne2 Rxb4 30. Rxh1 Rxa4 31. Rd1 Rc4 32.
Nd4 Rxc5 33. Ne6+ {Black resigns} 1-0

[Event "GambitGuide"]
[Site "Internet Chess Club"]
[Date "2014.10.31"]
[Round "1"]
[White "JSBach"]
[Black "MichaelAngelo"]
[Result "1-0"]
[ICCResult "Black checkmated"]
[WhiteElo "1585"]
[BlackElo "1516"]
[Opening "Vienna: `Frankenstein-Dracula' variation"]
[ECO "C27"]
[NIC "VG.02"]
[Time "04:22:25"]
[TimeControl "120+12"]

1. e4 e5 2. Nc3 Nf6 3. Bc4 Nxe4 4. Qh5 Nd6 5. Bb3 Nc6 6. Nb5 g6 7. Qf3 f5 8.
Qd5 Qe7 9. Nxc7+ Kd8 10. Nxa8 b6 11. Ba4 Nb4 12. Qb3 Bb7 13. Qxb4 Bxa8 14.
f3 e4 15. Kd1 exf3 16. Nxf3 Ne4 17. Qxe7+ Bxe7 18. Re1 Re8 19. c4 Nc5 20.
Bc2 Bxf3+ 21. gxf3 d6 22. d4 Nd7 23. Be3 Nf6 24. Ba4 Rf8 25. Bc6 Kc7 26. d5
Bd8 27. Kd2 Nd7 28. Bh6 Rg8 29. Bf4 Nb8 30. Ba4 a6 31. Re6 b5 32. cxb5 axb5
33. Bxd6+ Kb7 34. Bxb5 Na6 35. Bc6+ Kb6 36. Re8 Bc7 37. Bxc7+ Kxc7 38. Rxg8
Nb4 39. Rg7+ Kd6 40. Rd7+ Ke5 41. a3 Nxd5 42. Rxd5+ Ke6 43. a4 f4 44. b4 g5
45. Re1+ Kf6 46. Rd6+ Kg7 47. a5 h5 48. a6 g4 49. a7 g3 50. a8=Q gxh2 51.
Re7# {Black checkmated} 1-0

[Event "GambitGuide"]
[Site "Internet Chess Club"]
[Date "2014.10.31"]
[Round "1"]
[White "JSBach"]
[Black "VendingMachine"]
[Result "1-0"]
[ICCResult "Black resigns"]
[WhiteElo "1585"]
[BlackElo "1341"]
[Opening "Vienna: `Frankenstein-Dracula' variation"]
[ECO "C27"]
[NIC "VG.02"]
[Time "04:23:40"]
[TimeControl "120+12"]

1. e4 e5 2. Nc3 Nf6 3. Bc4 Nxe4 4. Qh5 Nd6 5. Bb3 Nc6 6. Nb5 g6 7. Qf3 f5 8.
Qd5 Qe7 9. Nxc7+ Kd8 10. Nxa8 b6 11. Ba4 Nd4 12. f4 Bb7 13. Qxe5 Bxg2 14.
Nxb6 axb6 15. c3 Nc6 16. Bxc6 dxc6 17. Ne2 Qxe5 18. fxe5 Bxh1 19. exd6 Bxd6
20. h3 Re8 21. d3 Bf3 22. Kf2 Bxe2 23. Be3 Bxd3 24. Rd1 Be4 25. Rxd6+ Kc7
26. Bf4 Kb7 27. Rd7+ {Black resigns} 1-0

[Event "GambitGuide"]
[Site "Internet Chess Club"]
[Date "2014.10.31"]
[Round "1"]
[White "JSBach"]
[Black "MichaelAngelo"]
[Result "1-0"]
[ICCResult "Black resigns"]
[WhiteElo "1585"]
[BlackElo "1516"]
[Opening "Vienna: `Frankenstein-Dracula' variation"]
[ECO "C27"]
[NIC "VG.02"]
[Time "04:23:59"]
[TimeControl "120+12"]

1. e4 e5 2. Nc3 Nf6 3. Bc4 Nxe4 4. Qh5 Nd6 5. Bb3 Nc6 6. Nb5 g6 7. Qf3 f5 8.
Qd5 Qe7 9. Nxc7+ Kd8 10. Nxa8 b6 11. Ba4 Bb7 12. Nxb6 axb6 13. Qb3 Ne4 14.
Qxb6+ Ke8 15. Qxb7 Kf7 16. Bxc6 dxc6 17. Qxc6 Bg7 18. d3 Nd6 19. Qd5+ Ke8
20. Be3 Kd7 21. Bc5 Rd8 22. Bb6 Rc8 23. Bc5 Rc6 24. f3 Bf8 25. a4 Qf6 26. a5
e4 27. dxe4 fxe4 28. fxe4 Kc7 29. e5 Qe7 30. Bxd6+ Rxd6 31. Qxd6+ Qxd6 32.
exd6+ Bxd6 33. a6 {Black resigns} 1-0

[Event "GambitGuide"]
[Site "Internet Chess Club"]
[Date "2014.10.31"]
[Round "1"]
[White "JSBach"]
[Black "Jaksibaksi"]
[Result "0-1"]
[ICCResult "White checkmated"]
[WhiteElo "1585"]
[BlackElo "1692"]
[Opening "Vienna: `Frankenstein-Dracula' variation"]
[ECO "C27"]
[NIC "VG.02"]
[Time "04:22:44"]
[TimeControl "120+12"]

1. e4 e5 2. Nc3 Nf6 3. Bc4 Nxe4 4. Qh5 Nd6 5. Bb3 Nc6 6. Nb5 g6 7. Qf3 f5 8.
Qd5 Qe7 9. Nxc7+ Kd8 10. Nxa8 b6 11. Ba4 Bb7 12. Nxb6 axb6 13. Qb3 Kc7 14.
Ne2 Nd4 15. Nxd4 exd4+ 16. Kf1 d3 17. Qc3+ Kb8 18. Qxd3 Ka7 19. Qc3 Bg7 20.
Qb4 Re8 21. Qe4 Qxe4 22. Bxd7 Qe1# {White checkmated} 0-1

[Event "GambitGuide"]
[Site "Internet Chess Club"]
[Date "2014.10.31"]
[Round "1"]
[White "JSBach"]
[Black "mikilschreenan"]
[Result "1-0"]
[ICCResult "Black checkmated"]
[WhiteElo "1585"]
[BlackElo "1386"]
[Opening "Vienna: `Frankenstein-Dracula' variation"]
[ECO "C27"]
[NIC "VG.02"]
[Time "03:30:23"]
[TimeControl "120+12"]

1. e4 e5 2. Nc3 Nf6 3. Bc4 Nxe4 4. Qh5 Nd6 5. Bb3 Nc6 6. Nb5 g6 7. Qf3 f5 8.
Qd5 Qe7 9. Nxc7+ Kd8 10. Nxa8 b6 11. Ba4 Nb4 12. Qb3 a5 13. Nxb6 Ba6 14.
Nxd7 Bc4 15. Qc3 Ne4 16. Qxc4 Bg7 17. c3 Nd6 18. Qe2 e4 19. cxb4 axb4 20.
Qe3 Nc4 21. Qa7 Rg8 22. Qb8# {Black checkmated} 1-0

[Event "GambitGuide"]
[Site "Internet Chess Club"]
[Date "2014.10.31"]
[Round "1"]
[White "JSBach"]
[Black "MichaelAngelo"]
[Result "1-0"]
[ICCResult "Black resigns"]
[WhiteElo "1585"]
[BlackElo "1516"]
[Opening "Vienna: `Frankenstein-Dracula' variation"]
[ECO "C27"]
[NIC "VG.02"]
[Time "04:25:00"]
[TimeControl "120+12"]

1. e4 e5 2. Nc3 Nf6 3. Bc4 Nxe4 4. Qh5 Nd6 5. Bb3 Nc6 6. Nb5 g6 7. Qf3 f5 8.
Qd5 Qe7 9. Nxc7+ Kd8 10. Nxa8 b6 11. Ba4 Bg7 12. Bxc6 dxc6 13. Qb3 Qb7 14.
Qd3 Ke7 15. Nxb6 axb6 16. Nf3 e4 17. Qe3 Be6 18. Nd4 Bxd4 19. Qxd4 Rd8 20.
Qg7+ Bf7 21. Qxh7 Nc4 22. d3 exd3 23. Bg5+ Ke8 24. Qh8+ {Black resigns} 1-0

[Event "GambitGuide"]
[Site "Internet Chess Club"]
[Date "2014.10.31"]
[Round "1"]
[White "JSBach"]
[Black "ElScorcho"]
[Result "0-1"]
[ICCResult "White checkmated"]
[WhiteElo "1585"]
[BlackElo "2270"]
[Opening "Vienna: `Frankenstein-Dracula' variation"]
[ECO "C27"]
[NIC "VG.02"]
[Time "04:21:57"]
[TimeControl "120+12"]

1. e4 e5 2. Nc3 Nf6 3. Bc4 Nxe4 4. Qh5 Nd6 5. Bb3 Nc6 6. Nb5 g6 7. Qf3 f5 8.
Qd5 Qe7 9. Nxc7+ Kd8 10. Nxa8 b6 11. Ba4 Bb7 12. Nxb6 axb6 13. Qb3 Nc8 14.
Rb1 Nd4 15. Qh3 Qc5 16. c3 Ne6 17. Qd3 Bd6 18. b4 Qc7 19. Qg3 Nf4 20. Nf3 e4
21. Kd1 exf3 22. gxf3 Nd3 23. Qg2 Ne5 24. Kc2 Bxf3 25. Qg5+ Be7 26. Qg1 Be4+
27. Kb2 Nc4+ 28. Ka1 Bxb1 29. Kxb1 N8d6 30. Qg2 Qb7 31. Qxb7 Nxb7 32. Bb3
Ncd6 33. Bd5 Kc7 34. Re1 Bf6 35. Re3 Re8 36. h3 Rxe3 37. fxe3 Ne4 38. a3
Nbd6 39. c4 Nf2 40. c5 bxc5 41. bxc5 Nb7 42. Bg2 Nxc5 43. Kc2 Nfe4 44. d3
Nd6 45. Bd5 Ne6 46. a4 Ng5 47. Bg2 Nb7 48. Bd2 Kb6 49. Bb4 Be5 50. h4 Nf7
51. Bd5 Nfd6 52. Kd1 Bf6 53. Be1 Nc5 54. a5+ Ka7 55. Bg3 Nc8 56. Kc2 Nb7 57.
Be1 Bd8 58. Bxb7 Kxb7 59. Kb3 Ka6 60. Ka4 Na7 61. e4 fxe4 62. dxe4 Nc6 63.
Bf2 Nxa5 64. Be1 Nc6 65. Bg3 Bf6 66. Kb3 Kb5 67. Bf2 Ne5 68. Bd4 Ng4 69.
Bxf6 Nxf6 70. e5 Ng4 71. e6 dxe6 72. Ka3 Kc4 73. Ka2 Kd3 74. Kb3 e5 75. Kb2
e4 76. Kc1 Ke2 77. Kc2 Kf2 78. h5 gxh5 79. Kd2 e3+ 80. Kd3 e2 81. Ke4 e1=Q+
82. Kd4 Qe3+ 83. Kd5 Qe5+ 84. Kc6 Qd4 85. Kc7 Ke3 86. Kc6 Ke4 87. Kb7 Ke5
88. Kc6 Qc4+ 89. Kd7 Qc5 90. Ke8 Qa7 91. Kd8 Kd6 92. Kc8 Qc7# {White
checkmated} 0-1

[Event "GambitGuide"]
[Site "Internet Chess Club"]
[Date "2014.10.31"]
[Round "1"]
[White "JSBach"]
[Black "MichaelAngelo"]
[Result "1-0"]
[ICCResult "Black resigns"]
[WhiteElo "1570"]
[BlackElo "1516"]
[Opening "Vienna: `Frankenstein-Dracula' variation"]
[ECO "C27"]
[NIC "VG.02"]
[Time "04:25:52"]
[TimeControl "120+12"]

1. e4 e5 2. Nc3 Nf6 3. Bc4 Nxe4 4. Qh5 Nd6 5. Bb3 Nc6 6. Nb5 g6 7. Qf3 f5 8.
Qd5 Qe7 9. Nxc7+ Kd8 10. Nxa8 b6 11. Ba4 b5 12. Bxb5 Nxb5 13. Qxb5 Bg7 14.
Ne2 Re8 15. Nb6 e4 16. Nxc8 Kxc8 17. Nf4 Qd6 18. Nd5 Nd4 19. Qc4+ Nc6 20.
O-O Re5 21. Ne3 Rc5 22. Qg8+ Kb7 23. Qxg7 Rxc2 24. Nxc2 Qd3 25. Ne1 Qd6 26.
Qxh7 {Black resigns} 1-0

[Event "GambitGuide"]
[Site "Internet Chess Club"]
[Date "2014.10.31"]
[Round "1"]
[White "JSBach"]
[Black "VendingMachine"]
[Result "0-1"]
[ICCResult "White checkmated"]
[WhiteElo "1570"]
[BlackElo "1341"]
[Opening "Vienna: `Frankenstein-Dracula' variation"]
[ECO "C27"]
[NIC "VG.02"]
[Time "04:24:47"]
[TimeControl "120+12"]

1. e4 e5 2. Nc3 Nf6 3. Bc4 Nxe4 4. Qh5 Nd6 5. Bb3 Nc6 6. Nb5 g6 7. Qf3 f5 8.
Qd5 Qe7 9. Nxc7+ Kd8 10. Nxa8 b6 11. Ba4 Nd4 12. f4 Bb7 13. Qxe5 Bxg2 14.
Nxb6 axb6 15. c3 Nc6 16. Bxc6 dxc6 17. Kd1 Qxe5 18. fxe5 Bxh1 19. exd6 Bxd6
20. h3 Bh2 21. Ne2 Bf3 22. d3 Re8 23. Bd2 Rxe2 24. Rb1 Bg3 25. Kc2 Bf4 26.
Rd1 Bxd2 27. Rxd2 Rxd2+ 28. Kxd2 Bg2 29. h4 Ke7 30. a4 Kd6 31. Ke3 h6 32.
Kf4 Ke6 33. b3 Kf6 34. Kg3 Bd5 35. c4 Be6 36. d4 g5 37. hxg5+ hxg5 38. Kg2
f4 39. Kf3 Kf5 40. Kf2 g4 41. Ke2 f3+ 42. Ke3 b5 43. d5 cxd5 44. cxb5 d4+
45. Kf2 Bxb3 46. a5 d3 47. Ke3 f2 48. Kxf2 d2 49. Kg2 d1=Q 50. Kf2 Qd5 51.
Kg3 Qxb5 52. Kh4 Qxa5 53. Kg3 Qc3+ 54. Kh2 Qh3+ 55. Kg1 Bc4 56. Kf2 Qf1+ 57.
Kg3 Qf3+ 58. Kh2 g3+ 59. Kh3 g2+ 60. Kh2 Kg4 61. Kg1 Qf1+ 62. Kh2 Qh1#
{White checkmated}
0-1

[Event "GambitGuide"]
[Site "Internet Chess Club"]
[Date "2014.10.31"]
[Round "1"]
[White "JSBach"]
[Black "MichaelAngelo"]
[Result "1-0"]
[ICCResult "Black resigns"]
[WhiteElo "1570"]
[BlackElo "1516"]
[Opening "Vienna: `Frankenstein-Dracula' variation"]
[ECO "C27"]
[NIC "VG.02"]
[Time "04:27:02"]
[TimeControl "120+12"]

1. e4 e5 2. Nc3 Nf6 3. Bc4 Nxe4 4. Qh5 Nd6 5. Bb3 Nc6 6. Nb5 g6 7. Qf3 f5 8.
Qd5 Qe7 9. Nxc7+ Kd8 10. Nxa8 b6 11. Ba4 Bb7 12. Nxb6 axb6 13. Qb3 Kc7 14.
Ne2 Bg7 15. Nc3 Nd4 16. Nd5+ Bxd5 17. Qxd5 b5 18. Bb3 Nxb3 19. axb3 Rb8 20.
O-O Qe6 21. Ra7+ Rb7 22. Rxb7+ Nxb7 23. Qxb5 Qc6 24. Qd3 d5 25. b4 e4 26.
Qb3 Qc4 27. Qa4 Qc6 28. b5 Qb6 29. Qb3 Nc5 30. Qxd5 {Black resigns} 1-0

[Event "GambitGuide"]
[Site "Internet Chess Club"]
[Date "2014.10.31"]
[Round "1"]
[White "JSBach"]
[Black "MichaelAngelo"]
[Result "1-0"]
[ICCResult "Black resigns"]
[WhiteElo "1570"]
[BlackElo "1516"]
[Opening "Vienna: `Frankenstein-Dracula' variation"]
[ECO "C27"]
[NIC "VG.02"]
[Time "04:28:02"]
[TimeControl "120+12"]

1. e4 e5 2. Nc3 Nf6 3. Bc4 Nxe4 4. Qh5 Nd6 5. Bb3 Nc6 6. Nb5 g6 7. Qf3 f5 8.
Qd5 Qe7 9. Nxc7+ Kd8 10. Nxa8 b6 11. Ba4 b5 12. Bxb5 Bb7 13. Bxc6 Bxc6 14.
Qa5+ Ke8 15. Nc7+ Kf7 16. Nf3 Bxf3 17. gxf3 e4 18. Qxa7 exf3+ 19. Qe3 Qf6
20. Qb3+ Kg7 21. Qxf3 Ne4 22. Ne8+ {Black resigns} 1-0

[Event "GambitGuide"]
[Site "Internet Chess Club"]
[Date "2014.10.31"]
[Round "1"]
[White "JSBach"]
[Black "MichaelAngelo"]
[Result "1-0"]
[ICCResult "Black checkmated"]
[WhiteElo "1588"]
[BlackElo "1516"]
[Opening "Vienna: `Frankenstein-Dracula' variation"]
[ECO "C27"]
[NIC "VG.02"]
[Time "04:28:32"]
[TimeControl "120+12"]

1. e4 e5 2. Nc3 Nf6 3. Bc4 Nxe4 4. Qh5 Nd6 5. Bb3 Nc6 6. Nb5 g6 7. Qf3 f5 8.
Qd5 Qe7 9. Nxc7+ Kd8 10. Nxa8 b6 11. Ba4 Bb7 12. Nxb6 axb6 13. Qb3 Ne4 14.
Qxb6+ Kc8 15. Bxc6 dxc6 16. d3 Nc5 17. Nf3 e4 18. Bg5 Qd7 19. dxe4 fxe4 20.
Rd1 Bd6 21. Bf6 Re8 22. Ng5 e3 23. f3 e2 24. Rd2 Ba6 25. b4 Bc7 26. Qxc5
Qxd2+ 27. Kxd2 e1=Q+ 28. Rxe1 Rxe1 29. Kxe1 Bd6 30. Qxc6+ Bc7 31. Qxa6+ Kd7
32. Qe6# {Black checkmated} 1-0